 Dungeon Crawl Stone Soup version 0.31.0-32-g396128a36d (webtiles) character file.

Game seed: 11011945986481868190

249 PriceMaster the Magician (level 5, -6/24 HPs)
             Began as a Spriggan Conjurer on Mar 17, 2024.
             Was an Initiate of Nemelex Xobeh.
             Killed from afar by Edmund (7 damage)
             ... with a puff of flame
             ... on level 4 of the Dungeon on Mar 24, 2024.
             The game lasted 00:07:44 (4408 turns).

PriceMaster the Magician (Spriggan Conjurer)        Turns: 4408, Time: 00:07:44

Health: -6/24      AC:  2    Str:  3    XL:     5   Next: 86%
Magic:  2/12       EV: 17    Int: 21    God:    Nemelex Xobeh [......]
Gold:   189        SH:  0    Dex: 14    Spells: 8/13 levels left

rFire   . . .        l - +1 whip (flame)
rCold   + . .        (no shield)
rNeg    . . .        a - +0 robe
rPois   .            (helmet restricted)
rElec   .            (no cloak)
rCorr   .            (gloves unavailable)
SInv    +            (boots unavailable)
Will    .....        (no amulet)
Stlth   ++           q - ring of protection from cold
HPRegen 0.24/turn    (no ring)
MPRegen 0.13/turn

%: no passive effects
@: very quick
A: very small, no large weapons, unfitting armour, see invisible, speed 3
a: Renounce Religion, Draw Escape, Draw Destruction, Draw Summoning


You were on level 4 of the Dungeon.
You worshipped Nemelex Xobeh.
Nemelex Xobeh was noncommittal.
You visited 1 branch of the dungeon, and saw 4 of its levels.

You collected 189 gold pieces.

Inventory:

Hand Weapons
 f - a +0 dagger
 l - a +1 whip of flaming (weapon)
Armour
 a - a +0 robe (worn)
 c - a +0 pair of gloves
Magical Staves
 o - a staff of air
Jewellery
 q - a ring of protection from cold (left hand)
 u - a ring of fire
Scrolls
 d - 2 scrolls of amnesia
 e - a scroll of identify
 h - 2 scrolls of vulnerability {unknown}
 i - 2 scrolls of immolation {unknown}
 k - a scroll of enchant weapon {unknown}
 n - a scroll of teleportation {unknown}
 r - a scroll of fear {unknown}
 s - a scroll of revelation {unknown}
 v - a scroll of acquirement {unknown}
Potions
 b - a potion of magic
 g - a potion of mutation {unknown}
 j - a potion of curing {unknown}
 m - a potion of cancellation {unknown}
 p - 2 potions of haste {unknown}
 t - a potion of resistance {unknown}


   Skills:
 + Level 0.3 Fighting
 + Level 0.4 Short Blades
 + Level 0.2 Maces & Flails
 + Level 3.3 Dodging
 + Level 3.5 Stealth
 + Level 4.6 Spellcasting
 + Level 4.0 Conjurations
 + Level 1.7 Earth Magic


You had 8 spell levels left.
You knew the following spells:

 Your Spells              Type           Power      Damage    Failure   Level
a - Magic Dart            Conj           88%        1d7       1%          1
b - Sandblast             Erth           24%        2d8       5%          1
c - Stone Arrow           Conj/Erth      34%        3d9       11%         3

Your spell library contained the following spells:

 Spells                   Type           Power      Damage    Failure   Level
 Searing Ray              Conj           44%        2d6       3%          2
 Summon Small Mammal      Summ           16%        N/A       12%         1
 Passwall                 Erth           12%        N/A       17%         3
 Brom's Barrelling Bould  Conj/Erth      17%        2d4       34%         4
 Fulminant Prism          Conj/Alch      6%         3d7       43%         4
 Iskenderun's Mystic Bla  Conj/Tloc      13%        2d5       43%         4
 Animate Armour           Summ/Erth      16%        N/A       61%         4
 Plasma Beam              Fire/Air       2%         2x1d12    100%        6


Dungeon Overview and Level Annotations

Branches:
Dungeon (4/15)
 Temple: D:4-7

Altars:
Nemelex Xobeh

Shops:
D:1 [:[

Annotations:
D:4 Edmund


Innate Abilities, Weirdness & Mutations

You are very small and have problems with some larger weapons.
You are too small for most types of armour.
You have supernaturally acute eyesight. (SInv)
You cover ground extremely quickly. (Speed+++)


Message History

You see here 15 gold pieces.
You now have 189 gold pieces (gained 15).
The hobgoblin shouts!
Edmund says, "People think my brother is the best.
I think he's crazy."
You see here a clear potion.
p - 2 clear potions (gained 1)
Casting: Sandblast (safe; 5% risk of failure)
Confirm with . or Enter, or press ? or * to list all spells.
Aiming: Sandblast (safe; 5% risk of failure)
Press: ? - help, Shift-Dir - straight line, f - kobold
Aim: a kobold, wielding a +0 dagger (77% to hit)
The blast of sand hits the kobold but does no damage.
Casting: Sandblast (safe; 5% risk of failure)
Confirm with . or Enter, or press ? or * to list all spells.
Aiming: Sandblast (safe; 5% risk of failure)
Press: ? - help, Shift-Dir - straight line, f/p - kobold
Aim: a kobold, wielding a +0 dagger (77% to hit)
The blast of sand hits the kobold!
You kill the kobold!
Casting: Sandblast (safe; 5% risk of failure)
Confirm with . or Enter, or press ? or * to list all spells.
Aiming: Sandblast (safe; 5% risk of failure)
Press: ? - help, Shift-Dir - straight line, f - Edmund
Aim: Edmund, wielding a +1 heavy flail, wearing a +0 scale mail and carrying a wand of flame (84% to hit)
The blast of sand hits Edmund but does no damage.
Edmund zaps a wand.
The puff of flame hits you.
Casting: Sandblast (safe; 5% risk of failure)
Confirm with . or Enter, or press ? or * to list all spells.
Aiming: Sandblast (safe; 5% risk of failure)
Press: ? - help, Shift-Dir - straight line, f/p - Edmund
Aim: Edmund, wielding a +1 heavy flail, wearing a +0 scale mail and carrying a wand of flame (84% to hit)
The blast of sand hits Edmund but does no damage.
Edmund hits you with a +1 heavy flail!
Ouch! That really hurt!
* * * LOW HITPOINT WARNING * * *
Okay, then.
Edmund zaps a wand.
The puff of flame hits you!
You die...
Edmund whines, "They better pay attention to me now!"
Your body disappears without a glow.

#..# #.# #.............##.
####..# #.# ##.##............
#..>..####.####.##@....###.##
#.......<†...##.#.#.#
##.####@#####g......#
#.####.# #.###...#
#.###..@..<# #@# #####
.......##### #.# #.####.# #@#
#.# #.# #.# #.# #.# #.. #.#
### #.# #.# #.##############
#......)@......#


You could see Edmund and a hobgoblin.

Vanquished Creatures
  A sleepcap (D:4)
  An iguana (D:3)
  2 orc wizards (D:3)
  4 adders (D:2)
  4 dart slugs
  2 ribbon worms
  9 orcs (D:3)
  12 ball pythons
  12 endoplasms
  4 giant cockroaches
  4 goblins
  7 hobgoblins
  2 jackals (D:1)
  10 kobolds
  2 quokkas
  6 bats
  4 frilled lizards
  2 rats
88 creatures vanquished.

Notes
Turn   | Place    | Note
-------+----------+-------------------------------------------
     0 | D:1      | PriceMaster the Spriggan Conjurer began the quest for the
                  | Orb.
     0 | D:1      | Reached XP level 1. HP: 9/9 MP: 5/5
    39 | D:1      | Found Hohix's Antique Armour Shoppe.
   287 | D:1      | Learned a level 1 spell: Sandblast
   312 | D:1      | Reached XP level 2. HP: 13/13 MP: 0/6
   686 | D:1      | Found Anizae's Book Boutique.
   714 | D:1      | Found Uqink's Antique Armour Boutique.
   848 | D:1      | Reached XP level 3. HP: 16/16 MP: 6/8
   871 | D:1      | Got the Lectures on Massed Weather
   880 | D:1      | Learned a level 3 spell: Stone Arrow
  1746 | D:2      | Reached XP level 4. HP: 21/21 MP: 2/10
  3050 | D:3      | Reached skill level 1 in Earth Magic
  3114 | D:3      | Reached XP level 5. HP: 24/24 MP: 3/12
  3972 | D:3      | Found a sparkling altar of Nemelex Xobeh.
  4236 | D:3      | Became a worshipper of Nemelex Xobeh the Trickster
  4339 | D:4      | Noticed Edmund
  4407 | D:4      | HP: 1/24 [Edmund/+1 heavy flail (12)]
  4408 | D:4      | Killed from afar by Edmund

Illustrated notes

Levels and vault maps discovered:
D:1:      minmay_arrival_radiant_lines, layout_loops_ring, serial_shops,
          nicolae_book_shop_shelving, nicolae_shop_advertising_works
          [nicolae_subvault_shop_adworks], nicolae_shop_overgrown_old_shop,
          minmay_vboxes
D:2:      layout_basic, serial_glass, glass_columns_c, glass_columns_a
D:3:      layout_basic, marbit_many_paths, kennysheep_generic_room_13
D:4:      minmay_bubble_buster, layout_loops_ring, uniq_edmund

Skill      XL: |  1  2  3  4  5 |
---------------+----------------+-----
Conjurations   | 3 4 |  4.0
Dodging        | 3 |  3.3
Spellcasting   | 3 4 |  4.6
Earth Magic    | 1 |  1.7
Fighting       | |  0.3
Short Blades   | |  0.4
Maces & Flails | |  0.2
Stealth        | |  3.5

Action                     |  1- 3 |  4- 6 || total
---------------------------+-------+-------++-------
  Melee: Dagger            |    20 |       ||    20
         Punch             |     1 |       ||     1
         Whip              |     5 |    18 ||    23
   Cast: Magic Dart        |    72 |    48 ||   120
         Sandblast         |    10 |    26 ||    36
         Stone Arrow       |     1 |    20 ||    21
    Use: Scroll            |       |     2 ||     2
   Stab: Sleeping          |       |     1 ||     1
 Armour: Robe              |    16 |    23 ||    39
  Dodge: Dodged            |    28 |    39 ||    67
